Dins, lawful male human Monk --------- |.......+ |<......| |.......| |...%%..| ------.-- % #%# % # -.- h%. [@h Go% Dins the Student of Stones Experience level: 10 Strength: 17 Dexterity: 17 Constitution: 15 Intelligence: 11 Wisdom: 15 Charisma: 9 Health: 0(71) Energy: 44(44) Def: 9 Gold: 6690 Moves: 10470 Dungeon seed: vnYVJn4dLrXz8GQD Game ID: Dins_1528546391 Your Inventory: Coins $ - 6690 gold pieces Amulets F - an uncursed amulet of reflection (being worn) Weapons l - 12 blessed +0 shuriken (in quiver) Armor e - an uncursed +2 pair of leather gloves (being worn) n - an uncursed +0 dwarvish cloak s - an uncursed +0 pair of iron shoes C - an uncursed +0 dwarvish iron helm (being worn) O - an uncursed thoroughly rusty +0 pair of iron shoes (being worn) Y - a blessed +4 dwarvish cloak (being worn) Comestibles f - 5 uncursed food rations Scrolls a - an uncursed scroll of enchant armor j - 2 uncursed scrolls of teleportation J - a cursed scroll of gold detection P - a cursed scroll of light W - an uncursed scroll of blank paper Potions o - 2 uncursed potions of full healing x - an uncursed potion of monster detection A - 2 uncursed potions of sleeping H - 2 uncursed potions of hallucination K - a cursed potion of fruit juice M - an uncursed potion of restore ability U - 2 uncursed potions of healing X - 2 uncursed potions of fruit juice Z - a blessed potion of monster detection Rings b - an uncursed ring of regeneration v - an uncursed ring of shock resistance (on right hand) B - an uncursed ring of teleport control (on left hand) Wands D - an uncursed wand of magic missile (0:3) E - an uncursed wand of secret door detection (0:15) G - an uncursed wand of magic missile (0:5) I - an uncursed wand of light (0:12) L - an uncursed wand of magic missile (0:6) T - an uncursed wand of striking (0:3) Tools c - a cursed figurine of a balrog g - 4 uncursed tallow candles (0:200) i - an uncursed oilskin sack k - an uncursed skeleton key p - an uncursed +0 pick-axe (alternate weapon; not wielded) u - an uncursed +0 unicorn horn V - an uncursed oil lamp (0:0) Gems h - 4 uncursed worthless pieces of black glass m - 5 uncursed jades q - 2 uncursed worthless pieces of violet glass r - 2 uncursed worthless pieces of blue glass w - an uncursed garnet y - 4 uncursed flints z - 2 uncursed worthless pieces of orange glass N - an uncursed fluorite Q - an uncursed touchstone Contents of the oilskin sack: 2392 gold pieces 6 uncursed apples 2 uncursed cram rations 2 uncursed food rations 4 uncursed fortune cookies an uncursed lichen corpse 7 uncursed oranges an uncursed sprig of wolfsbane 3 uncursed tripe rations an uncursed blindfold an uncursed brass lantern [0:1463] an uncursed oil lamp (0:980) an uncursed tallow candle [0:200] Spells and supernatural/magical abilities: Name Level Category Fail Memory z - sleep 2 enchantment 90% 48% W - pray for help -- divine ? -- Your skills at the end: Miscellaneous Skills martial arts [Master] wands [Basic] stealth [Skilled] Weapon Skills shuriken [Basic] Spellcasting Skills healing spells [Basic] Final Attributes: You were stridently aligned. You were sleep resistant. You were shock resistant. You were poison resistant. You saw invisible. You were telepathic. You were warned. You had automatic searching. You were somewhat stealthy. You had teleport control. You were fast. You had reflection. You are dead. Vanquished creatures: 2 giant mimics a stalker a giant mummy a giant zombie a warg 2 winter wolves a quantum mechanic a xan an ogre lord 2 large dogs a freezing sphere a shocking sphere a large cat a gelatinous cube 2 chameleons a giant a leather golem 2 succubi 2 giant beetles a cockatrice 5 wolves a panther 2 leprechauns 4 quivering blobs 2 lizards 3 orc-captains a mumak a giant spider a scorpion 2 horses 2 vampire bats a forest centaur 3 gnome kings a dwarf mummy a yeti a gold golem a werewolf 2 piranhas 3 housecats 3 jaguars 2 dwarf lords a blue jelly a water nymph a black unicorn 3 dust vortices 2 gnome mummies 2 Woodland-elves a snake 5 apes 2 human zombies 4 soldier ants 3 fire ants 2 yellow lights 8 bugbears an imp 3 wood nymphs 11 Mordor orcs 14 orc shamans 2 rock moles a rock piercer 2 ponies a fog cloud a shrieker a violet fungus 13 gnome lords 3 gnomish wizards a kobold mummy 3 black naga hatchlings 2 gray oozes 2 elf zombies a straw golem 2 paper golems 4 giant ants 5 floating eyes a kitten 4 dwarves 2 homunculi a kobold lord 2 kobold shamans 3 iguanas 26 hill orcs 3 rothes 3 rabid rats 2 centipedes 2 jitterbugs 4 giant bats 2 monkeys 3 orc zombies 2 dwarf zombies 3 wererats 2 werejackals 14 killer bees 2 coyotes 3 gas spores a hobbit 2 acid blobs 2 large kobolds 9 geckos 16 hobgoblins 10 giant rats 9 cave spiders a brown mold 4 yellow molds 2 green molds 69 gnomes 4 gnome zombies 15 jackals 13 kobolds 9 newts 13 goblins 12 sewer rats 9 grid bugs 5 bats 6 lichens 2 kobold zombies 473 creatures vanquished. Voluntary challenges: You were not invisible. You were not displaced. You never hit with a wielded weapon. You did not use plumbed fixtures. You read items or engraved 6 times, starting on turn 3644. You never genocided any monsters. You polymorphed 5 items, starting on turn 3860. You never changed form. You cheated 2 times but completed Sokoban on turn 5827. You used no wishes. You never split a pudding. You never wrote Elbereth's name. You violated your moral code, losing 5 points of alignment, starting on turn 1123. Dungeon overview: The Dungeons of Doom: levels 1 to 12 Level 1 a long staircase Level 2 a general store, some fountains Level 3 a jewelry store, a fountain stairs to The Gnomish Mines Level 4 an altar to Shan Lai Ching, a fountain Level 5 an altar to Shan Lai Ching, a fountain, a throne Level 6 a throne Level 7 Level 8 many fountains Level 9 a fountain stairs to Sokoban Level 10 a general store Level 11 Level 12 <- You were here The Gnomish Mines: levels 4 to 12 Level 4 stairs to The Dungeons of Doom Level 5 Level 6 many shops, a temple to Shan Lai Ching, a magic chest, some fountains, some trees Level 7 Level 8 Level 9 Level 10 Level 11 Level 12 many altars to Moloch, a magic chest, some fountains Sokoban: levels 5 to 8 Level 5 a magic chest Level 6 Level 7 Level 8 a magic chest stairs to The Dungeons of Doom History has recorded: On T:1 you entered the Dungeons of Doom to retrieve the Amulet of Yendor! On T:174 you reached level 2 of The Dungeons of Doom. On T:297 you advanced to experience level 2. On T:341 you reached level 3 of The Dungeons of Doom. On T:489 you advanced to experience level 3. On T:593 you reached level 1 of The Gnomish Mines. On T:682 you advanced to experience level 4. On T:807 you reached level 2 of The Gnomish Mines. On T:826 you advanced to experience level 5. On T:1087 you reached level 3 of The Gnomish Mines. On T:1121 you advanced to experience level 6. On T:1197 you entered the Minetown temple On T:1203 you opened a magic chest. On T:1446 you reached level 4 of The Dungeons of Doom. On T:1706 you reached level 5 of The Dungeons of Doom. On T:1822 you advanced to experience level 7. On T:3272 you reached level 6 of The Dungeons of Doom. On T:3371 you reached level 7 of The Dungeons of Doom. On T:3566 you reached level 8 of The Dungeons of Doom. On T:3613 you advanced to experience level 8. On T:3697 you reached level 9 of The Dungeons of Doom. On T:3795 you reached level 4 of Sokoban. On T:4052 you reached level 3 of Sokoban. On T:4559 you reached level 2 of Sokoban. On T:5158 you reached level 1 of Sokoban. On T:5827 you entered the Sokoban zoo. On T:5997 you advanced to experience level 9. On T:6769 you reached level 4 of The Gnomish Mines. On T:6893 you reached level 5 of The Gnomish Mines. On T:7087 you reached level 6 of The Gnomish Mines. On T:7385 you reached level 7 of The Gnomish Mines. On T:7705 you reached level 8 of The Gnomish Mines. On T:7803 you reached level 9 of The Gnomish Mines. On T:7803 you reached the bottom of the Mines. On T:7866 you prayed to Shan Lai Ching. On T:8580 you advanced to experience level 10. On T:9765 you reached level 10 of The Dungeons of Doom. On T:10080 you reached level 11 of The Dungeons of Doom. On T:10447 you reached level 12 of The Dungeons of Doom. Score breakdown: Gold: 9082 ( 908 points) Experience: 10 levels ( 900 points) Exploration: 12 levels ( 330 points) Discoveries: 21 items ( 1050 points) Variety of kills: 115 monsters ( 2000 points) Major goal: Sokoban/Mines ( 1500 points) Survival: died (score multiplied by 3) Total score: 20064 Latest messages: The gnome lord punches you! You kill the hobgoblin! The forest centaur just misses! The forest centaur kicks! The hobgoblin swings his curved sword at you. The hobgoblin misses. The hobgoblin punches you! The bugbear punches you! The hobgoblin staggers from your powerful strike! You kill the hobgoblin! The forest centaur punches you! The forest centaur misses. You strike the forest centaur! The forest centaur punches you! The forest centaur kicks! The hobgoblin punches you! The gnome lord punches you! You kill the forest centaur! The bugbear picks up an orcish helm. The bugbear puts on an orcish helm. The gnome lord misses. The bugbear misses. You kill the hobgoblin! The bugbear punches you! The hobgoblin punches you! You die... Final status: Goodbye Dins the Monk, killed by a hobgoblin... You died in The Dungeons of Doom on dungeon level 12 with 20064 points, and 9082 pieces of gold, after 10470 moves. You were level 10 with a maximum of 71 hit points when you died.